Map: Lerilak Crest

Players

Jyostar - Winner!

  • Race: Terran Terran

xKawaiian

  • Race: Terran Terran
  • League: Master

VOD

Have the link to the VOD?

Description

Time

  • Played on: Jan. 15, 2016, 11:48 p.m.
  • Length: 7:05
Show
View Real Time Build Order
Export as new Build Order

Jyostar Terran - Winner!

Build Orders: 1/1/1, Banshee Rush 

Get SALT Encoding   

  12  0:00  SCV  
  13  0:12  SCV  
  14  0:17  Supply Depot  
  14  0:24  SCV  
  15  0:28  Refinery  
  15  0:38  SCV  
  16  0:45  Barracks  
  16  0:50  SCV  
  16  0:55  Refinery  
  17  1:02  SCV  
  18  1:14  SCV  
  19  1:33  Factory  
  19  1:34  Orbital Command  
  19  1:40  Marine  
  20  1:50  Supply Depot  
  20  1:58  Marine  
  20  2:00  SCV  
  21  2:16  SCV  
  21  2:17  Starport  
  21  2:20  Factory Tech Lab  
  22  2:24  Marine  
  22  2:28  SCV  
  24  2:41  SCV  
  25  2:44  Marine  
  26  2:54  SCV  
  27  2:58  Banshee, Cloaking Field  
  27  3:00  Supply Depot  
  27  3:03  Factory Tech Lab  
  30  3:06  SCV  
  30  3:10  Barracks Reactor  
  31  3:29  Command Center  
  31  3:31  SCV  
  32  3:39  Cyclone  
  35  3:49  Marine x2  
  35  3:51  Raven  
  35  3:54  Supply Depot  
  39  4:09  Marine  
  39  4:15  SCV, Marine  
  35  4:27  Marine  
  36  4:34  Siege Tank  
  37  4:52  Marine x2  
  33  5:16  Supply Depot  
  33  5:28  Barracks  
  33  5:31  Barracks  
  33  5:38  SCV  
  34  5:47  Marine  
  34  5:48  Siege Tank  
  38  5:50  SCV, Orbital Command  
  39  5:57  Medivac  
  41  6:04  SCV  
  41  6:06  Marine  
  43  6:20  SCV x2  
  43  6:22  Siege Tank  
  43  6:23  Marine  
  49  6:27  Orbital Command  
  49  6:37  SCV, Engineering Bay  
  50  6:49  SCV  
  54  6:57  Barracks  
  54  6:59  Barracks  
Show
View Real Time Build Order
Export as new Build Order

xKawaiian Terran 

Build Orders: 1/1/1, Cyclone Opening 

Get SALT Encoding   

  12  0:00  SCV  
  13  0:13  SCV  
  14  0:17  Supply Depot  
  14  0:25  SCV  
  15  0:38  SCV  
  15  0:41  Barracks  
  16  0:48  Refinery  
  16  0:51  SCV  
  16  0:54  Refinery  
  17  1:03  SCV  
  18  1:15  SCV  
  19  1:29  Orbital Command  
  19  1:33  Factory  
  19  1:34  Marine  
  20  1:52  Marine  
  21  1:54  SCV  
  21  1:55  Supply Depot  
  22  2:07  SCV  
  23  2:16  Starport, Marine  
  23  2:18  Factory Tech Lab  
  23  2:19  SCV  
  25  2:31  SCV  
  25  2:34  Marine  
  27  2:37  Cyclone  
  27  2:43  SCV  
  31  2:47  Supply Depot  
  31  3:01  SCV, Medivac, Marine  
  35  3:10  Siege Tank  
  38  3:13  SCV  
  38  3:16  Liberator  
  39  3:25  SCV, Marine  
  44  3:39  SCV  
  44  3:40  Supply Depot  
  45  3:43  Marine  
  46  3:53  SCV  
  47  4:01  Marine  
  47  4:02  Siege Tank  
  51  4:10  Command Center  
  51  4:11  SCV  
  52  4:19  Marine  
  52  4:29  Viking  
  49  4:41  Siege Tank  
  38  5:02  Viking  
  31  5:19  Marine  
  31  5:23  SCV  
  32  5:38  SCV  
  32  5:40  Barracks Reactor  
  33  5:50  SCV  
  33  5:54  Engineering Bay  
  34  6:02  SCV  
  35  6:14  SCV  
  35  6:23  Missile Turret  
  35  6:26  SCV  
  35  6:28  Marine  
  38  6:34  Medivac  
  42  6:43  Barracks  
  42  6:47  Missile Turret  
Tags
 
Add a new tag
Caveats
  • Supply blocks, unpowered buildings, or Contaminate may cause inaccurate times.
  • Supply counts are checked every 10 seconds.